 Dungeon Crawl Stone Soup version 0.25-a0-513-ge77a69270c (webtiles) character file.

Game seed: 11494163386335466560, levelgen mode: deterministic

85 Forecaster the Magician (level 4, 0/36 HPs)
             Began as a Naga Wizard on Feb 16, 2020.
             Was an Initiate of Qazlal.
             Slain by a worm (7 damage)
             ... on level 3 of the Dungeon.
             The game lasted 00:16:32 (2133 turns).

Forecaster the Magician (Naga Wizard)               Turns: 2133, Time: 00:16:33

Health: 0/36       AC:  4    Str:  9    XL:     4   Next: 48%
Magic:  7/9        EV: 13    Int: 19    God:    Qazlal [......]
Gold:   113        SH:  0    Dex: 15    Spells: 5/10 levels left

rFire    . . .     SeeInvis +   o - +2 dagger (venom)
rCold    . . .     Gourm    .   (no shield)
rNeg     . . .     Faith    .   i - +0 ring mail
rPois    +         Spirit   .   b - +0 hat
rElec    .         Reflect  .   (no cloak)
rCorr    .         Harm     .   u - +0 pair of gloves
MR       .....                  (no barding)
Stlth    +++.......             (no amulet)
HPRegen  0.12/turn              (no ring)
MPRegen  0.11/turn              (no ring)

@: agile, very slow
A: large, see invisible, deformed body, poison resistance, slowness 2, slow
metabolism 1, spit poison 1, AC +1
a: Spit Poison, Renounce Religion


You were on level 3 of the Dungeon.
You worshipped Qazlal.
Qazlal was noncommittal.
You were hungry.

You visited 1 branch of the dungeon, and saw 3 of its levels.

You collected 113 gold pieces.

Inventory:

Hand Weapons
 l - a +0 club
 o - a +2 dagger of venom (weapon)
 q - a +0 short sword
 r - a +0 dagger
 t - a +0 dagger
 v - a +0 trident
 w - a +0 short sword
Missiles
 j - 11 poisoned darts (quivered)
 m - 22 arrows
 n - 106 stones
 C - 15 bolts
Armour
 a - a +0 robe
 b - a +0 hat (worn)
 f - a +0 leather armour
 i - a +0 ring mail (worn)
 k - a +0 ring mail
 u - a +0 pair of gloves (worn)
Jewellery
 B - a +5 ring of protection {unknown}
Scrolls
 c - 2 scrolls of identify {unknown}
 e - 3 scrolls of teleportation {unknown}
 s - a scroll of blinking {unknown}
 y - a scroll of magic mapping {unknown}
 A - a scroll of amnesia {unknown}
Potions
 g - a potion of might {unknown}
 h - a potion of agility
 p - a potion of haste {unknown}
 x - a potion of curing {unknown}
Comestibles
 d - 3 rations
 z - a chunk of flesh


   Skills:
 + Level 0.1 Fighting
 + Level 0.5 Short Blades
 + Level 0.6 Armour
 + Level 2.0 Dodging
 + Level 3.7 Stealth
 + Level 3.9 Spellcasting
 + Level 1.4 Conjurations
 + Level 1.0 Summonings
 + Level 1.0 Translocations


You had 5 spell levels left.
You knew the following spells:

 Your Spells              Type           Power        Failure   Level  Hunger
a - Magic Dart            Conj           #...         22%         1    None
b - Call Imp              Summ           #.......     36%         2    ##.....
c - Blink                 Tloc           N/A          36%         2    ##.....

Your spell library contained the following spells:

 Spells                   Type           Power        Failure   Level  Hunger
 Slow                     Hex            #.......     52%         2    ##.....
 Conjure Flame            Conj/Fire      #.......     65%         3    ###....
 Mephitic Cloud           Conj/Pois/Air  #.......     67%         3    ###....


Dungeon Overview and Level Annotations

Branches:
Dungeon (3/15)

Altars:
Gozag
Qazlal


Innate Abilities, Weirdness & Mutations

You cannot wear boots.
Your serpentine skin is tough. (AC +1)
You have supernaturally acute eyesight. (SInv)
Armour fits poorly on your strangely shaped body.
Your system is resistant to poisons. (rPois)
You cover ground very slowly.
You have a slow metabolism.
You can spit poison.


Message History

The kobold barely misses you. The hobgoblin closely misses you.
The worm bites you!
You hit the hobgoblin.
The hobgoblin is almost dead.
The kobold hits you. The hobgoblin hits you. The worm bites you!
* * * LOW HITPOINT WARNING * * *
You completely miss the worm.
You kill the hobgoblin!
Qazlal accepts your kill. The kobold closely misses you.
It was a potion of agility.
You feel agile all of a sudden. The kobold closely misses you.
The worm barely misses you.
You closely miss the kobold. The kobold barely misses you.
You hit the kobold.
The kobold is poisoned.
The kobold is severely wounded.
You kill the kobold!
Qazlal accepts your kill. The worm bites you!
You die...

.. ... .. #.
#.# #.. .#
######.###.#
.......(##.#
.......@##.#
.......†w#.#
%......#.#.#
.......#...#
.......##..#
######
....... #..#
#....#
....... #..#
#w##.#
####### #..#
#.# .# #w.#
#.# .#


You could see a worm.

Vanquished Creatures
  An adder (D:3)
  An ooze (D:1)
  2 worms (D:2)
  3 leopard geckos
  6 bats
  A giant cockroach (D:1)
  11 goblins
  5 hobgoblins
  8 jackals
  A ball python (D:2)
  3 frilled lizards
  9 kobolds
  9 rats
60 creatures vanquished.

Vanquished Creatures (collateral kills)
  A frilled lizard (D:2)
1 creature vanquished.

Grand Total: 61 creatures vanquished

Notes
Turn   | Place    | Note
-------+----------+-------------------------------------------
     0 | D:1      | Forecaster the Naga Wizard began the quest for the Orb.
     0 | D:1      | Reached XP level 1. HP: 15/15 MP: 4/4
   195 | D:1      | Reached XP level 2. HP: 22/22 MP: 1/6
   708 | D:1      | Reached XP level 3. HP: 17/28 MP: 2/8
  1150 | D:2      | Found an opulent altar of Gozag.
  1192 | D:2      | Learned a level 2 spell: Call Imp
  1195 | D:2      | Learned a level 2 spell: Blink
  1323 | D:2      | Found a stormy altar of Qazlal.
  1332 | D:2      | Became a worshipper of Qazlal Stormbringer
  1447 | D:2      | Reached XP level 4. HP: 10/36 MP: 0/9
  2133 | D:3      | Slain by a worm

Levels and vault maps discovered:
D:1:      mrwooster_arrival_statue, layout_basic
D:2:      layout_basic, nicolae_qazlal_eye_of_the_storm,
          nicolae_gozag_cash_rules_everything_around_me
D:3:      layout_basic, chequers_ecumenical_altar_grove, gup_sewer_entry_spiral,
          tgw_xom

Skill      XL: |  1  2  3  4 |
---------------+-------------+-----
Dodging        | 2 |  2.0
Fighting       | |  0.1
Short Blades   | |  0.5
Armour         | |  0.6
Stealth        | |  3.7
Spellcasting   | |  3.9
Conjurations   | |  1.4
Summonings     | |  1.0
Translocations | |  1.0

Action                   |  1- 3 |  4- 6 || total
-------------------------+-------+-------++-------
Melee: Unarmed           |    13 |       ||    13
       Club              |    15 |       ||    15
       Dagger            |    42 |    41 ||    83
 Cast: Magic Dart        |    63 |    10 ||    73
       Blink             |     2 |       ||     2
       Call Imp          |     2 |       ||     2
  Use: Potion            |       |     1 ||     1
  Eat: Chunk             |       |     2 ||     2
Armor: Robe              |     8 |       ||     8
       Ring mail         |    19 |    24 ||    43
Dodge: Dodged            |    51 |    32 ||    83

Table legend:
 A = Non-vault XP
 B = Vault XP
 C = Vault XP percentage of total XP
 D = Non-vault monster count
 E = Vault monster count
 F = Vault count percentage of total count
                 A         B        C        D         E       F
            +---------+---------+-------+---------+---------+-------
      Total |     122 |       0 |   0.0 |      61 |       0 |   0.0
            +---------+---------+-------+---------+---------+-------
        D:1 |      52 |       0 |   0.0 |      28 |       0 |   0.0
        D:2 |      50 |       0 |   0.0 |      28 |       0 |   0.0
        D:3 |      20 |       0 |   0.0 |       5 |       0 |   0.0
            +---------+---------+-------+---------+---------+-------
